Description

A composition that replaces Mutalisks with Hydralisks for a more ground-focused ZvT/ZvP approach. Zerglings and Banelings form the front line while Hydralisks provide ranged DPS and anti-air from behind. Cheaper to tech into than Mutalisk builds and better at direct engagements. Transitions into Lurkers for late game siege capabilities.

Build Order

Get SALT Encoding   

  12  0:35  Overlord  
  16  1:25  Hatchery  
  17  1:35  Extractor  
  17  1:40  Spawning Pool  
  19  2:15  Overlord  
  20  2:30  Queen x2  
  24  2:40  Zergling x4  + metabolic boost
  26  3:05  Hatchery  3rd
  30  3:45  Baneling Nest, Overlord  
  32  4:00  Queen  3rd
  34  4:10  Extractor  2nd
  36  4:25  Lair  
  40  4:35  Extractor  at 3rd
  43  4:45  Overlord  
  44  5:10  Hydralisk Den  
  46  5:20  Evolution Chamber x2  
  50  5:30  Overlord  
  56  5:35  Baneling x4  
  60  6:00  Overlord x2  
  60  6:05  Zerg Melee Weapons Level 1, Zerg Ground Armor Level 1  
  65  6:15  Hydralisk x6  
  75  6:20  Grooved Spines  
  80  6:50  Muscular Augments, Overlord  
  85  7:10  Lurker Den  
  90  7:30  Hatchery  4th
Spawning Tool Build Advisor. Get it on Overwolf

Go to:

Details

  • Created by: jeepers
  • Published on: Sep 27, 2026
  • Modified on: Oct 01, 2026
  • Patch: 5.0.16
  • Difficulty: Medium
Show
View Real Time Build Order
Export as new Build Order

Comments (0)

There are no comments. Be the first!

Create an account to comment!